[Event "Przeworsk GM norm 2022"]
[Site "Przeworsk"]
[Date "2022.05.31"]
[Round "2.2"]
[White "Fus, Jakub"]
[Black "Mikrut, Dariusz"]
[Result "1-0"]
[ECO "E84"]
[WhiteElo "2378"]
[BlackElo "2361"]
[Annotator "TA"]
[PlyCount "95"]
[EventDate "2022.05.30"]
[EventType "tourn"]
[EventCountry "POL"]
[SourceTitle "playchess.com"]
[Source "ChessBase"]
[SourceQuality "1"]
[TimeControl "40/5400+30:1800+30"]

1. d4 {[%emt 0:00:04] Edouard,Romain} Nf6 2. c4 g6 3. Nc3 Bg7 4. e4 d6 5. f3 O-O 6. Be3 Nc6 7. Nge2 a6 8. Qd2 Rb8 9. Rc1 Bd7 10. Nd1 {[%emt 0:00:19] E84: King's Indian: Sämisch Panno: 7 Nge2 a6 8 Qd2 Rb8.} e6 11. Nf2 b5 {[%emt 0:03:46] [#]} 12. b3 $146 {[%emt 0:04:28] White is slightly better.} ({Predecessor:} 12. c5 Re8 13. Nd3 b4 14. g3 a5 15. Bg2 Ne7 16. O-O Bb5 17. Rfd1 Nd7 18. b3 {1-0 (44) Edouard,R (2653)-Hunt,A (2429) England 2014 CBM 159 [Edouard,Romain]}) 12... bxc4 13. bxc4 Rb7 14. g3 Qb8 15. Bg2 Rb2 16. Rc2 Rb1+ 17. Nc1 e5 18. d5 Nd4 19. Bxd4 exd4 20. O-O Ba4 21. Nb3 $1 Rxf1+ 22. Bxf1 Bxb3 {[%emt 0:01:48] This bishop pair is nice.} 23. Rb2 {[%emt 0:00:40][%mdl 64] Pin} Nd7 24. Rxb3 Qa7 25. Nd3 Rb8 26. Qa5 Rxb3 27. axb3 Qb6 28. b4 (28. Qa4 $5 Nf6 29. f4 $16) 28... Ne5 (28... Qxa5 $14 29. bxa5 Bh6) 29. Nxe5 Bxe5 $16 {[%emt 0:00:52][%mdl 4096] Endgame KQB-KQB} 30. f4 ({Better is} 30. Qxb6 $16 {Qb8+ is the strong threat.} cxb6 31. c5 dxc5 32. bxc5) 30... Bf6 $2 {[%emt 0:00:11] Loses the game.} (30... Qxa5 $14 31. bxa5 Bf6) 31. Qxb6 $18 cxb6 {[%emt 0:00:09] KB-KB} 32. c5 $1 bxc5 33. bxc5 dxc5 {[%emt 0:00:29] [#]} 34. e5 $1 ({Don't take} 34. Bxa6 $6 d3 $16) 34... Bg7 {[%emt 0:01:58] [#]} (34... Bd8 35. Bxa6 Kf8) 35. d6 $1 {[%emt 0:00:07] White is clearly winning.} Kf8 36. Bxa6 g5 37. Kf2 gxf4 38. gxf4 Ke8 39. Kf3 (39. Bb5+ $142 Kd8 40. Kf3) 39... Kd8 40. Bd3 h5 41. h4 Bh6 42. Ke4 Kd7 43. Bb5+ Kd8 44. Bc4 Ke8 45. Be2 Kd7 46. Bxh5 f6 47. Kd5 {[%emt 0:01:12] Intending e6+ and mate.} fxe5 48. fxe5 {[%emt 0:00:04] Weighted Error Value: White=0.13 (very precise) /Black=0.58} 1-0

[Event "Przeworsk GM norm 2022"]
[Site "Przeworsk"]
[Date "2022.05.31"]
[Round "2.3"]
[White "Omelja, Artem"]
[Black "Baum, Jonasz"]
[Result "1/2-1/2"]
[ECO "E54"]
[WhiteElo "2515"]
[BlackElo "2409"]
[Annotator "TA"]
[PlyCount "126"]
[EventDate "2022.05.30"]
[EventType "tourn"]
[EventCountry "POL"]
[SourceTitle "playchess.com"]
[Source "ChessBase"]
[SourceQuality "1"]
[TimeControl "40/5400+30:1800+30"]

1. d4 Nf6 2. c4 e6 3. Nf3 d5 4. Nc3 Bb4 5. e3 O-O 6. Bd3 dxc4 7. Bxc4 c5 8. O-O Nc6 9. a3 Ba5 10. Ba2 Qe7 {[%emt 0:17:02] E56: Nimzo-Indian: Rubinstein: Main Line: 7...Nc6.} 11. Qe2 (11. Qc2 $5 ) 11... Rd8 12. Rd1 {[%emt 0:00:18] [#]} Bc7 $146 ({Predecessor:} 12... b6 13. Bd2 cxd4 14. exd4 Bxc3 15. bxc3 Bb7 16. Bg5 Rac8 17. Ne5 h6 18. Bh4 g5 19. Bg3 Nxe5 20. Bxe5 Rxc3 21. h4 Nd5 22. Bxd5 Rxd5 23. Rac1 Rc6 {½-½ (23) Aleksandrov,A (2574)-Dubov,D (2703) Skopje 2019}) 13. h3 h6 14. Qc4 b6 15. dxc5 (15. Bd2 {is interesting.} Bb7 16. Nb5 Bb8 17. dxc5 bxc5 18. Be1) 15... Rxd1+ 16. Nxd1 Qxc5 17. Qxc5 bxc5 18. Bd2 Bb7 19. Rc1 Ne4 20. Be1 Rd8 21. Bb1 Ne5 22. Nxe5 Bxe5 23. Ba5 Rd7 24. Bc2 c4 25. Ba4 Rd5 26. Bc3 Bb8 27. f3 Nc5 28. Bc2 Bg3 29. Nf2 Bxf2+ 30. Kxf2 Nd3+ 31. Bxd3 Rxd3 $14 {[%emt 0:00:42][%mdl 4096] Endgame KRB-KRB} 32. Rc2 Rd7 33. e4 f6 34. Ke1 Kf7 35. Bd2 Ba6 36. a4 e5 37. Be3 Ke6 38. h4 Rc7 39. Kd2 h5 (39... Rb7 $11 {remains equal.}) 40. Rc3 ({White should try} 40. b4 $1 $16) 40... g6 41. b4 Bc8 42. b5 a6 43. b6 Rc6 44. a5 {[%emt 0:01:20] White is more active.} Bb7 45. Kc2 (45. Rc2 $14 {might be stronger.}) 45... Rc8 46. Kb2 f5 $1 47. exf5+ gxf5 48. Ka3 f4 49. Bc1 ({Better is} 49. Bg1 $1 $11) 49... Rc5 $15 50. Kb4 Kd5 51. Ra3 Rb5+ 52. Kc3 {[%emt 0:00:10] [#]} Bc8 $1 53. Ra2 Rb3+ 54. Kc2 Bf5+ 55. Kd1 {[%emt 0:00:19] [#]} Rb1 {[%emt 0:04:59] aiming for ...c3.} 56. g3 ({Don't blunder} 56. Rb2 $2 c3 57. Re2 Kd4 $19) 56... Kd4 (56... fxg3 $17 {White must now prevent ...e4.} 57. Rd2+ Bd3) 57. gxf4 exf4 {[%emt 0:00:03] And now ...c3 would win.} (57... c3 $5 58. Re2 e4 59. fxe4 Bxe4 $15) 58. Re2 {[%emt 0:05:47] The position is equal.} ({Wrong is} 58. Rb2 $2 c3 59. Rc2 Kd3 $19) 58... c3 {[%emt 0:01:46] Threatens to win with ...Kd3.} 59. Re8 $1 Kd3 60. Rd8+ $1 Kc4 61. Rf8 Kd3 {[%emt 0:00:54] ( -> ...c2+)} 62. Rd8+ $1 Kc4 63. Rf8 Kd3 {[%emt 0:01:32] Weighted Error Value: White=0.09 (flawless) /Black=0.11 (very precise)} 1/2-1/2

[Event "Przeworsk GM norm 2022"]
[Site "Przeworsk"]
[Date "2022.05.31"]
[Round "2.4"]
[White "Mis, Mieszko"]
[Black "Licznerski, Lukasz"]
[Result "1-0"]
[ECO "B10"]
[WhiteElo "2388"]
[BlackElo "2439"]
[Annotator "TA"]
[PlyCount "82"]
[EventDate "2022.05.30"]
[EventType "tourn"]
[EventCountry "POL"]
[SourceTitle "playchess.com"]
[Source "ChessBase"]
[SourceQuality "1"]
[TimeControl "40/5400+30:1800+30"]

1. e4 c6 2. Nf3 d5 3. d3 Bg4 4. h3 Bh5 5. Qe2 e6 6. g4 {[%emt 0:00:50] B10: Caro-Kann: 2 d3 and 2 c4.} Bg6 7. h4 h5 8. Ne5 {[%emt 0:01:43] The position is equal.} Bh7 9. g5 (9. Qf3 $2 f6 10. g5 fxe5 $19) 9... dxe4 {[%emt 0:07:35] [#] Threatens to win with ...Qa5+.} 10. Nxf7 $146 {[%emt 0:00:25][%mdl 64] Decoy} ({Predecessor:} 10. Nc3 exd3 11. cxd3 Nd7 12. g6 Bxg6 13. Nxg6 fxg6 14. Bh3 Bb4 15. Qe4 Bxc3+ 16. bxc3 {1-0 (34) Deac,B (2651)-Kobalia,M (2600) Chess.com INT 2021}) 10... Kxf7 11. Qxh5+ g6 12. Qg4 Qa5+ (12... exd3 $1 $15 13. Qf4+ Ke8) 13. Nc3 $1 $14 {[%emt 0:10:35][%mdl 1024] White has compensation.} Bg7 {[%emt 0:09:36] Black is now going downhill.} (13... exd3 $14 14. Bxd3 Ne7) 14. Bd2 $16 Qf5 15. Qg3 Qe5 {[%emt 0:02:39] [#]} (15... Ne7) 16. Bf4 $1 $18 Qa5 17. dxe4 Ne7 18. O-O-O (18. Bd6 Rd8 19. O-O-O Rxd6 20. Qxd6 (20. Rxd6 Ke8 $16) 20... Be5 $16) 18... Na6 {[%emt 0:08:27] Inhibits Bc7.} 19. Bxa6 Qxa6 20. Be5 Bxe5 21. Qxe5 {[%emt 0:00:04] Threatening mate with Rd7.} Rhd8 {[%emt 0:00:10] Against Rd7} 22. f4 {[%emt 0:17:17][%cal Of4f5] And now f5! would win.} Qb6 23. f5 $40 {[%emt 0:01:00][%mdl 128] White goes for the king. White is more active.} Qe3+ (23... gxf5 $16 24. Qf6+ Ke8) 24. Kb1 {[%emt 0:00:02] The board is on fire.} exf5 (24... gxf5 $142 25. Qf6+ Ke8) 25. Qf6+ {[%emt 0:00:34] White is clearly winning.} Ke8 {[%emt 0:00:01] Hoping for ...Rxd1+.} 26. Rde1 Qd4 27. exf5 Qxf6 28. gxf6 {[%emt 0:00:05][%mdl 64] Pin} Rd7 29. fxg6 ({And not} 29. fxe7 gxf5 30. h5 Rxe7 $11) (29. Rxe7+ Rxe7 30. fxe7 gxf5 $11) 29... Bxg6 30. h5 ({Weaker is} 30. fxe7 Rxe7 31. Reg1 (31. h5 Bh7 $16) 31... Bh7 $16) 30... Bh7 31. Rhg1 {[%emt 0:00:33] Strongly threatening Rg7.} (31. fxe7 Rxe7 32. Reg1 Rd8 $16) 31... Kf7 {[%emt 0:00:33] [#]} 32. Rg7+ $1 ({Less strong is} 32. Rxe7+ Rxe7 33. fxe7 Re8 $14) (32. fxe7 Re8 33. Ne4 (33. Rgf1+ Kg8 $16) 33... Bxe4 $16) 32... Kxf6 33. Rxh7 Rad8 34. Ne4+ Kf5 35. Rf7+ Ke6 36. Ng5+ Kd6 37. Re6+ Kc5 38. b4+ Kxb4 39. Rexe7 Rxe7 40. Rxe7 Rd5 41. Rxb7+ Ka3 {[%emt 0:00:11] Weighted Error Value: White=0.13 (very precise) /Black=0.50} 1-0

[Event "Przeworsk GM norm 2022"]
[Site "Przeworsk"]
[Date "2022.05.31"]
[Round "2.5"]
[White "Neugebauer, Martin"]
[Black "Golubka, Petro"]
[Result "1-0"]
[ECO "B01"]
[WhiteElo "2505"]
[BlackElo "2380"]
[Annotator "TA"]
[PlyCount "97"]
[EventDate "2022.05.30"]
[EventType "tourn"]
[EventCountry "POL"]
[SourceTitle "playchess.com"]
[Source "ChessBase"]
[SourceQuality "1"]
[TimeControl "40/5400+30:1800+30"]

1. e4 d5 2. exd5 Qxd5 3. Nf3 Bg4 4. Be2 c6 5. O-O Nf6 6. c4 {[%emt 0:01:15] B01: Scandinavian Defence.} Qd8 7. d4 e6 8. Nc3 {[%emt 0:01:38] White is slightly better.} Be7 9. Be3 O-O 10. h3 Bh5 11. g4 Bg6 12. Ne5 $36 {[%emt 0:00:38][%mdl 2048] Keeping Black busy.} Nbd7 (12... Nfd7 $142) 13. h4 $1 $16 {[%emt 0:07:59] [#] White is more active.} Nxe5 $146 ({Predecessor:} 13... h6 14. Nxg6 fxg6 15. g5 hxg5 16. hxg5 Ne8 17. Bg4 Nc7 18. f4 c5 19. d5 Nb6 {0-1 (71) Zambor,N (2271)-Juhar,R (2173) Slovakia 2019}) 14. dxe5 Ne4 15. Nxe4 Bxe4 16. f3 Qa5 17. fxe4 {[%emt 0:10:44] Black must now prevent Bf4.} Qxe5 {[%emt 0:01:54] And now ...Qg3+ would win.} 18. Qe1 {[%emt 0:14:38] Against Qg3+} Qxb2 (18... Qxe4 $16 19. Bf3 Qxc4) 19. Bf3 (19. Rb1 $18 Qxa2 20. Rxb7) 19... Bf6 20. Qg3 (20. Rb1 $18 Qxa2 21. Rxb7) 20... Be5 21. Rab1 ({Better is} 21. Qf2 $14 Qxf2+ 22. Kxf2) 21... Qxb1 $1 $11 22. Qxe5 Qd3 23. Bd4 {[%emt 0:00:29][%csl Gd4][%cal Re5g7][%mdl 1024] White has compensation.} f6 24. Qxe6+ Kh8 25. Ba1 Qe3+ 26. Kh1 {[%emt 0:02:12][%cal Og4g5] Hoping for g5!} Rad8 27. g5 Qf4 (27... Qd3 $1 $11 {and Black is okay.} 28. Bg2 fxg5 29. Rxf8+ Rxf8) 28. gxf6 $1 $18 Qxh4+ 29. Kg1 gxf6 (29... Rxf6 {might work better.} 30. Bxf6 Qxf6 31. Qxf6 gxf6) 30. Bg2 {[%emt 0:00:23][%cal Rf1f6] A strong pair of Bishops.} Kg7 31. Qe7+ Kg6 32. e5 Rd2 {[%emt 0:01:49][%cal Oh4g5] Threatens to win with ...Qg5!} 33. Qxf8 {[%emt 0:11:43][%cal Rf1f6] Really sharp!} Rxg2+ 34. Kxg2 Qg4+ 35. Kf2 $1 Qf4+ {[%emt 0:00:08] [#]} 36. Ke2 $1 Qxc4+ {[%emt 0:00:07] [#]} 37. Ke3 $1 ({Less strong is} 37. Kf2 Qf4+ 38. Ke2 Qe4+ 39. Kd2 Qg2+ 40. Ke3 (40. Ke1 Qe4+ 41. Kd2 Qg2+ 42. Ke1 Qe4+ 43. Kd2 $16) 40... Qxf1 $16) 37... Qxf1 38. Qxf6+ Qxf6 39. exf6 {[%emt 0:00:02][%mdl 4096] Endgame KB-KP} a5 $2 {[%emt 0:06:03][%mdl 8192] A mistake that costs the game.} (39... b5 $11) 40. Ke4 {[%emt 0:00:00] White mates.} a4 41. Ke5 Kf7 42. Bd4 a3 43. Kf5 h6 44. Bc5 h5 45. Be7 b5 46. Kg5 c5 47. Bxc5 h4 48. Bxa3 ({Inferior is} 48. Kxh4 Kxf6 49. Kh3 (49. Bxa3 b4 $11) 49... Ke5 $11) 48... h3 49. Bd6 {[%emt 0:00:08] Weighted Error Value: White=0.10 (very precise) /Black=0.33} 1-0

[Event "Przeworsk GM norm 2022"]
[Site "Przeworsk"]
[Date "2022.05.31"]
[Round "3.1"]
[White "Golubka, Petro"]
[Black "Stefansson, Hannes"]
[Result "0-1"]
[ECO "E24"]
[WhiteElo "2380"]
[BlackElo "2534"]
[Annotator "TA"]
[PlyCount "118"]
[EventDate "2022.05.30"]
[EventType "tourn"]
[EventCountry "POL"]
[SourceTitle "playchess.com"]
[Source "ChessBase"]
[SourceQuality "1"]
[TimeControl "40/5400+30:1800+30"]

1. d4 Nf6 2. c4 e6 3. Nc3 Bb4 4. a3 Bxc3+ 5. bxc3 c5 6. f3 d5 7. e3 O-O 8. cxd5 Nxd5 9. Ne2 {[%emt 0:02:23] E24: Nimzo-Indian: Sämisch: Unusual Black 5th moves and 5...c5 sidelines.} b6 {[%emt 0:07:47] [#]} 10. dxc5 $146 ({Predecessor:} 10. e4 Ne7 11. Be3 cxd4 12. cxd4 Ba6 13. Rc1 Qd7 14. Nf4 Bxf1 15. Rxf1 Rd8 16. Rf2 Nbc6 {½-½ (27) Ugge,A (2420)-Rydholm,L (2465) ICCF corr 1997}) 10... bxc5 11. e4 {[%emt 0:01:45] The position is equal.} Nb6 12. Qxd8 Rxd8 13. a4 Ba6 14. Bg5 f6 15. Be3 N8d7 16. Nf4 Bxf1 17. Kxf1 Kf7 18. Ke2 Nc4 19. Rhb1 Rab8 {[%emt 0:01:37] Prevents Rb7.} 20. Nd3 Rdc8 21. Bf2 a6 22. h4 Rb6 23. Rxb6 Ncxb6 24. Nb2 Ne5 25. Kd2 (25. Ra3 $14) 25... Ke7 26. Kc2 Nbc4 27. Nxc4 Nxc4 $11 {[%emt 0:00:05][%mdl 4096] Endgame KRB-KRN} 28. Kb3 Na5+ 29. Kc2 Kd6 30. h5 Kc6 31. Rd1 Rb8 32. Be3 Nc4 33. Bc1 e5 34. g3 Nb6 35. f4 Re8 36. fxe5 Rxe5 37. Bf4 Re6 (37... Rxe4 $2 38. Rd6+ Kb7 39. a5 $18) 38. Rd8 g5 (38... Rxe4 $2 39. Rd6+ Kb7 40. a5 $18) 39. hxg6 $1 hxg6 40. a5 Nc4 41. Rc8+ Kb5 42. Kd3 ({White should try} 42. Rb8+ $1 $11 Kxa5 43. Bc7+ Ka4 44. Kd3) 42... Nxa5 $15 {[%emt 0:01:47] And now ...Nc6 would win.} 43. g4 $2 {[%emt 0:01:45] Now White is beyond hope.} (43. Rb8+ $15 Kc6 44. Be3) 43... Nc6 $19 44. Rg8 (44. Rc7 $142) 44... c4+ 45. Ke3 g5 46. Bc7 (46. Bg3 $142) 46... a5 47. Ra8 (47. e5 {was worth a try.} a4 48. Bd6) 47... Re7 48. Bg3 Rd7 49. Ke2 a4 50. Bf2 Rd8 51. Rxd8 Nxd8 {[%emt 0:00:06] KB-KN} 52. Kd2 a3 53. Kc2 Nc6 {[%emt 0:01:38] [#] ( -> ...Ka4)} 54. Bd4 Nxd4+ {[%emt 0:00:32] Black mates.} 55. cxd4 Kb4 56. d5 {[%emt 0:00:11] [#]} c3 $1 57. d6 a2 58. d7 a1=Q 59. d8=Q Qb2+ {[%emt 0:00:15] Weighted Error Value: White=0.49/Black=0.03 (flawless)} 0-1

[Event "Przeworsk GM norm 2022"]
[Site "Przeworsk"]
[Date "2022.05.31"]
[Round "3.2"]
[White "Licznerski, Lukasz"]
[Black "Neugebauer, Martin"]
[Result "1-0"]
[ECO "B92"]
[WhiteElo "2439"]
[BlackElo "2505"]
[Annotator "TA"]
[PlyCount "201"]
[EventDate "2022.05.30"]
[EventType "tourn"]
[EventCountry "POL"]
[SourceTitle "playchess.com"]
[Source "ChessBase"]
[SourceQuality "1"]
[TimeControl "40/5400+30:1800+30"]

1. e4 c5 2. Nf3 d6 3. d4 cxd4 4. Nxd4 Nf6 5. Nc3 a6 6. Be2 e5 7. Nf3 Be7 8. Bg5 Nbd7 9. a4 Qb6 10. a5 Qxb2 11. Bd2 Qb4 12. Nd5 Qc5 13. Bb4 Qc6 14. Nxe7 Kxe7 15. Nxe5 Nxe5 16. f4 Nc4 17. Bxc4 Qxe4+ 18. Qe2 Be6 19. Qxe4 Nxe4 20. Bd3 Nc5 21. Bxc5 dxc5 22. Be4 Rab8 23. Rb1 Kd6 24. O-O Kc7 25. Rb6 Rhd8 26. Rfb1 Bd5 27. Bxh7 Bc6 28. Bd3 Re8 29. R6b3 $1 Rbd8 30. Rc3 Rd5 31. Kf2 Rd4 (31... c4 $15 32. Rxc4 Rxa5) 32. Rxc5 (32. g3 $5 ) 32... Rxf4+ 33. Kg1 f6 34. Rh5 (34. Ra1 $15) 34... Re5 $1 $17 35. Rxe5 fxe5 36. Ra1 Kd6 ({Black should try} 36... Ra4 $19 37. Rxa4 Bxa4) 37. g3 $15 Rd4 (37... Rf7 $15) 38. Kf2 $11 Kc5 39. Ke3 Kb4 40. c4 Rg4 41. Be2 Rg5 42. g4 e4 43. h4 Rxa5 44. Rxa5 Kxa5 45. h5 Kb4 46. g5 Be8 $1 47. Kxe4 ({Wrong is} 47. h6 $2 gxh6 48. gxh6 Bg6 $19) 47... a5 $1 48. Kf5 g6+ (48... a4 $11 49. h6 a3) 49. hxg6 $16 a4 50. g7 $1 Bf7 51. Kf6 $1 Bg8 52. Ke7 $1 a3 53. Kf8 Be6 (53... a2 $2 54. Kxg8 a1=Q 55. Kf8 Qa8+ 56. Kf7 $18) 54. Ke7 (54. Bh5 $5 a2 55. Bf7 Bxf7 56. Kxf7 $18) 54... Bg8 55. Kf8 Be6 {[%emt 0:00:04] [#]} (55... a2 $2 56. Kxg8 a1=Q 57. Kf8 Qa8+ 58. Kf7 $18) 56. Bh5 $1 a2 57. Bf7 Bxf7 58. Kxf7 a1=Q 59. g8=Q Qf1+ 60. Ke7 Qf5 $2 (60... b5 $16) 61. Qd5 $18 Qh7+ 62. Qf7 $2 (62. Kd8 {c5 is the strong threat.} Kc3 63. c5) 62... Qh4 $18 63. Qd5 $2 (63. Qf6 Qe4+ 64. Kf8) 63... Qh7+ $1 $18 64. Kf6 Qh8+ 65. Kg6 b6 66. Qc6 (66. Kf5 $142 {Threatens to win with g6.} Qc8+ 67. Kf6) 66... Qd8 $2 (66... Qh2 67. Qxb6+ Kxc4) 67. Qb5+ $2 (67. Kf5 Qd3+ 68. Qe4 Qd7+ 69. Kf6 Qd6+ 70. Kf7) 67... Ka3 $2 (67... Kc3 68. Kf5 Qd3+ 69. Ke6 Qg6+ 70. Kd7 Qf7+ 71. Kc6 Kc2) 68. Qd5 Qe8+ 69. Kg7 Qe7+ 70. Kh6 Qf8+ {[%emt 0:00:19] [#]} 71. Kh5 $1 Qh8+ 72. Kg4 Qc8+ 73. Kf4 Qf8+ 74. Qf5 Qd6+ 75. Qe5 Qf8+ 76. Qf6 Qb8+ 77. Kf5 Qc8+ 78. Qe6 Qc5+ 79. Kg6 $2 (79. Qd5 Qf8+ 80. Ke6) 79... Kb4 $2 (79... Qc7 80. Kf5 Qc5+ 81. Qd5 Qf2+ 82. Ke6 Qe3+ 83. Kd6 Qg1) 80. Qf7 $2 (80. Kh5 Qf2 81. g6) 80... Ka3 $2 (80... Qd4 81. Qd5 Qe3) 81. Kh6 Qe3 82. Qf6 Qh3+ 83. Kg7 Qd7+ 84. Kg8 Ka2 $2 (84... Ka4 85. g6 Qc8+ 86. Kh7 Qxc4) 85. g6 $18 Qe8+ 86. Kh7 Qd7+ 87. Qf7 (87. g7 $142 Qh3+ 88. Kg6 Qg4+ 89. Qg5 Qe6+ 90. Kh7 Qe4+ 91. Qg6 Qh1+ 92. Kg8 Qa8+ 93. Kh7 Qh1+ 94. Kg8 Qa8+ 95. Kf7 Qb7+ 96. Kf8 Qc8+ 97. Qe8 Qc5+ 98. Kg8) 87... Qh3+ $18 88. Kg8 Qc8+ 89. Kg7 Qc5 90. Qd5 Qc7+ 91. Kg8 Qb8+ 92. Kh7 (92. Kf7 $142 Qc7+ 93. Ke6 Qc8+ 94. Qd7) 92... Qh2+ $1 $18 93. Kg7 Qc7+ 94. Kf6 Qf4+ 95. Ke7 (95. Ke6 $142 Qg4+ 96. Kf7 Qf4+ 97. Ke8) 95... Qc7+ $18 96. Ke6 Qc8+ 97. Kf6 (97. Qd7 $142 Qa8 98. g7 Qe4+ 99. Kf7 Qf4+ 100. Ke8 Qe4+ 101. Kd8 Qa8+ 102. Qc8) 97... Qf8+ $18 98. Kg5 Qe7+ 99. Kf5 Qf8+ 100. Kg4 Ka3 101. Qf3+ 1-0

[Event "Przeworsk GM norm 2022"]
[Site "Przeworsk"]
[Date "2022.05.31"]
[Round "3.3"]
[White "Baum, Jonasz"]
[Black "Mis, Mieszko"]
[Result "0-1"]
[ECO "B85"]
[WhiteElo "2409"]
[BlackElo "2388"]
[Annotator "TA"]
[PlyCount "104"]
[EventDate "2022.05.30"]
[EventType "tourn"]
[EventCountry "POL"]
[SourceTitle "playchess.com"]
[Source "ChessBase"]
[SourceQuality "1"]
[TimeControl "40/5400+30:1800+30"]

1. e4 c5 2. Nf3 e6 3. d4 cxd4 4. Nxd4 a6 5. Be2 Nf6 6. Nc3 Qc7 7. O-O d6 8. Be3 b5 9. f4 {[%emt 0:06:39][%cal Oe4e5] B84: Sicilian Scheveningen: 6 Be2 a6, lines without early Be3.} Nbd7 {[%emt 0:11:59] Against e5} 10. Bf3 Bb7 11. Qe1 (11. Re1 $11 {should be considered.}) 11... Nc5 (11... b4 $5 12. Nce2 Bxe4 $15) 12. Bf2 b4 {[%emt 0:00:25] [#]} 13. Nd5 $146 ({Predecessor:} 13. Nce2 Ncxe4 14. Qxb4 d5 15. Qa4+ Qd7 16. Qxd7+ Kxd7 17. Be3 Bd6 18. Rfd1 h5 19. Ng3 {½-½ (53) Rozgonyi,A (2103)-Szabo,Z (1886) Hungary 2016}) 13... exd5 $17 14. exd5+ Be7 15. Nf5 (15. a3 $142 b3 16. Nf5 Bxd5 17. Bxd5 Nxd5 18. cxb3) 15... Kf8 (15... Nxd5 $17 16. Nxg7+ Kf8) 16. Qxe7+ $11 Qxe7 17. Nxe7 Kxe7 18. Bxc5 dxc5 19. d6+ {[%emt 0:00:06][%mdl 64] Discovered Attack} Kxd6 20. Bxb7 Ra7 21. Bf3 Re7 (21... Rd8 $11) 22. a3 $16 Ra7 23. Rfd1+ Kc7 24. axb4 cxb4 25. Rd4 Rb8 26. Rad1 {[%emt 0:07:43] Hoping for Rc4+.} a5 $2 (26... Kc8 $16 {is tougher.} 27. Rd8+ Kc7) 27. Rc4+ $18 Kb6 28. Rd6+ Kb5 29. Be2 {[%emt 0:00:33] Threatening mate with b3.} Re8 30. Bd3 Ka4 $2 (30... Re3 31. Rc8+ Rxd3 32. Rxd3 (32. cxd3 Ka4 $11) 32... Kb6) 31. Rdd4 $2 ({Only move:} 31. Rc5 $18 Re1+ 32. Kf2 Ne4+ 33. Bxe4) 31... Re1+ $14 32. Bf1 {[%emt 0:00:13] [#]} (32. Kf2 $14 {was forced to keep a grip.} Rb1 33. b3+ Ka3 34. Rc5) 32... Rb1 (32... Rae7 $1 $17 {And now ...Rb1 would win.} 33. f5 R7e2) 33. Rc5 $2 (33. b3+ $1 $11 Ka3 34. h3) 33... Ng4 (33... Rxb2 $19 {Strongly threatening ...Rb1.} 34. Rd1 Ka3) 34. Rd3 $11 {[%emt 0:01:32] [#]} Nxh2 $1 35. Kxh2 {[%emt 0:00:01][%cal Od3d1] Rd1! would kill now.} Rxf1 {[%emt 0:00:04][%mdl 4096] Endgame KRR-KRR} 36. Rc8 $2 (36. Rdd5 $1 $11 {and White stays safe.}) 36... Rb1 $19 (36... Rxf4 {leads to mate.} 37. Rb8 Rh4+ 38. Kg1) 37. Rb3 Rb7 {[%emt 0:00:58] Prevents Rb8.} 38. Ra8 $2 (38. g4) 38... Rc1 ({Wrong is} 38... Rc7 $2 39. Rg3 Rxb2 40. Rg5 Rbxc2 41. Raxa5+ Kb3 42. Rxg7 $19) 39. Rg3 g6 (39... Rxc2 $142 40. b3+ Ka3 41. Rxa5+ Kb2 42. Rxg7 Kxb3 43. Rxh7 Rc3) 40. c4 $2 (40. c3) 40... b3 41. Rd3 Rxc4 ({But not} 41... Rc2 $2 42. c5 $19) 42. Rd1 Kb4 43. Kg3 Rc2 44. Rd4+ (44. Rb1 {was the only chance.}) 44... Kc5 {[%emt 0:00:17] Black is clearly winning.} 45. Rdd8 Rxb2 46. Rxa5+ Kb4 47. Re5 Rc2 48. Rd4+ Rc4 49. Rd2 Ka3 {[%emt 0:00:39] White must now prevent ...b2.} 50. Re3 Rbb4 51. Rf3 Ka4 {Threatens to win with ...b2.} 52. Rb2 Rc2 {[%emt 0:01:41] What a fight!  Weighted Error Value: White=0.62/Black=0.43} 0-1

[Event "Przeworsk GM norm 2022"]
[Site "Przeworsk"]
[Date "2022.05.31"]
[Round "3.4"]
[White "Mikrut, Dariusz"]
[Black "Omelja, Artem"]
[Result "1/2-1/2"]
[ECO "D59"]
[WhiteElo "2361"]
[BlackElo "2515"]
[Annotator "TA"]
[PlyCount "86"]
[EventDate "2022.05.30"]
[EventType "tourn"]
[EventCountry "POL"]
[SourceTitle "playchess.com"]
[Source "ChessBase"]
[SourceQuality "1"]
[TimeControl "40/5400+30:1800+30"]

1. d4 d5 2. c4 e6 3. Nf3 Nf6 4. Nc3 Be7 5. Bg5 h6 6. Bh4 O-O 7. e3 b6 8. cxd5 Nxd5 9. Bxe7 Qxe7 10. Nxd5 exd5 11. Qb3 Be6 12. Rc1 c5 13. Qa3 Rc8 14. Be2 Kf8 15. dxc5 bxc5 16. O-O Nd7 {[%emt 0:00:27] [#] D59: Queen's Gambit Declined: Tartakower Defence: Main line (8 cxd5 Nxd5).} 17. Nd2 $146 ({Predecessor:} 17. b3 a5 18. Bb5 Nb6 19. Qb2 Kg8 20. a4 Nd7 21. Rfd1 Nf6 22. Ne5 Rc7 23. Nd3 {½-½ (71) Hertneck,G (2496)-Bacrot,E (2723) Germany 2017}) 17... c4 18. Qc3 Rab8 19. b3 Nb6 20. Qd4 Qc5 21. Nf3 Qxd4 22. Nxd4 ({But not} 22. exd4 a5 $15) 22... Bd7 23. Rc2 cxb3 24. Rxc8+ Rxc8 25. axb3 a5 26. Bf3 g6 27. h4 h5 28. Ra1 Rc5 29. Kh2 a4 30. bxa4 Bxa4 31. Rb1 Nc4 (31... Nd7 $1 $14) 32. Rb7 ({Better is} 32. Rb4 $16 Bd7 33. Nb3) 32... Ra5 $11 33. Kg3 Ne5 34. Rc7 Kg7 35. Be2 Kf6 36. Kf4 Nd7 37. Rc1 Rc5 (37... Nc5 $11) 38. Ra1 $14 {[%emt 0:01:21] White is more active.} Nb6 39. Rb1 Nd7 40. Rb7 (40. g4 $14) 40... Nf8 {[%emt 0:00:00] The position is equal.} 41. Ra7 Bd7 42. Kg3 Bc8 43. Ra2 Ke5 {Weighted Error Value: White=0.14 (very precise) /Black=0.12 (very precise)} 1/2-1/2